 Dungeon Crawl Stone Soup version 0.27.1-4-g1640c2035a (webtiles) character file.

Game seed: 10579612891235468614

51270 McKennaii the Spear-Bearer (level 14, 0/115 HPs)
             Began as a Demonspawn Fighter on Nov 12, 2021.
             Was the Champion of Makhleb.
             Slain by a death yak (1 damage)
             ... while petrified by a catoblepas
             ... on level 6 of the Lair of Beasts.
             The game lasted 00:38:14 (16955 turns).

McKennaii the Spear-Bearer (Demonspawn Fighter)    Turns: 16955, Time: 00:38:14

Health: 0/115      AC: 25    Str: 20    XL:     14   Next: 22%
Magic:  0/14       EV:  2    Int:  9    God:    Makhleb [******]
Gold:   1205       SH:  0    Dex: 15    Spells: 13/13 levels left

rFire    + . .     SeeInvis .   w - +0 trident (vorpal)
rCold    . . .     Faith    .   c - +0 kite shield
rNeg     + + +     Spirit   +   E - +0 plate armour
rPois    ∞         Reflect  .   L - +1 hat
rElec    .         Harm     .   g - +0 cloak
rCorr    .         Rampage  .   T - +2 pair of gloves
Will     ++...                  Z - +1 pair of boots
Stlth    ..........             f - amulet of regeneration
HPRegen  1.29/turn              I - ring of poison resistance
MPRegen  0.28/turn              X - ring of protection from fire

@: petrified
A: antennae 1, rugged brown scales 2, powered by death 2, magic shield, magic
regeneration, demonic willpower
a: Renounce Religion, Minor Destruction, Lesser Servant of Makhleb, Major
Destruction, Greater Servant of Makhleb


You were on level 6 of the Lair of Beasts.
You worshipped Makhleb.
Makhleb was exalted by your worship.
You visited 3 branches of the dungeon, and saw 19 of its levels.
You also visited: Bailey.

You collected 1205 gold pieces.

Inventory:

Hand Weapons
 s - a +1 spear of venom
 w - a +0 vorpal trident (weapon)
 C - a +1 halberd of electrocution
 N - a +1 glaive
Armour
 c - a +0 kite shield (worn)
 g - a +0 cloak (worn)
 E - a +0 plate armour (worn)
 L - a +1 hat (worn)
 T - a +2 pair of gloves (worn)
 Z - a +1 pair of boots (worn)
Jewellery
 f - an amulet of regeneration (around neck)
 I - a ring of poison resistance (left hand)
 U - a ring of wizardry
 X - a ring of protection from fire (right hand)
 Y - a ring of protection from cold
Wands
 b - a wand of paralysis (18)
 k - a wand of flame (23)
 z - a wand of charming (12)
 K - a wand of polymorph (30)
 Q - a wand of acid (7)
 W - a wand of iceblast (8)
Scrolls
 e - 3 scrolls of fear
 i - 6 scrolls of enchant weapon
 j - a scroll of identify
 l - 4 scrolls of noise
 m - 2 scrolls of fog
 n - 2 scrolls of enchant armour
 q - 5 scrolls of vulnerability
 t - 2 scrolls of magic mapping
 u - 4 scrolls of acquirement
 v - 6 scrolls of teleportation
 y - 2 scrolls of blinking {unknown}
 G - 2 scrolls of immolation
 P - 4 scrolls of summoning {unknown}
 R - a scroll of amnesia {unknown}
 V - a scroll of brand weapon
Potions
 a - 6 potions of heal wounds
 d - 4 potions of might
 o - 2 potions of magic
 p - 2 potions of resistance
 r - 4 potions of brilliance
 x - 5 potions of flight
 A - 3 potions of attraction
 B - a potion of haste
 D - 3 potions of cancellation
 F - 2 potions of berserk rage
 H - 3 potions of curing {unknown}
 J - a potion of ambrosia
 M - 2 potions of mutation {unknown}
 O - 3 potions of invisibility
 S - 3 potions of degeneration {unknown}


   Skills:
 + Level 10.0 Fighting
 * Level 14.9 Polearms
 + Level 10.8 Armour
 + Level 3.4 Dodging
 + Level 0.7 Stealth
 + Level 10.6 Shields
 + Level 0.5 Invocations
 + Level 0.5 Evocations


You had 13 spell levels left.
You didn't know any spells.
Your spell library contained the following spells:

 Spells                   Type           Power      Damage    Failure   Level
 Freeze                   Ice            0%         1d3       100%        1
 Static Discharge         Conj/Air       0%         N/A       100%        2
 Frozen Ramparts          Ice            0%         1d2       100%        3
 Ozocubu's Armour         Ice            0%         N/A       100%        3
 Dispel Undead            Necr           0%         3d6       100%        4
 Hailstorm                Conj/Ice       0%         3d3       100%        4
 Sticky Flame             Conj/Fire      0%         2d3       100%        4
 Metabolic Englaciation   Hex/Ice        0%         N/A       100%        5
 Simulacrum               Ice/Necr       0%         N/A       100%        6


Dungeon Overview and Level Annotations

Branches:
Dungeon (12/15)            Temple (1/1) D:5            Lair (6/6) D:11
  Swamp (0/4) Lair:4       Spider (0/4) Lair:4        Slime (0/5) Lair:6
    Orc (0/2) D:11         Bailey (visited)

Altars:
Ashenzari
Fedhas
Hepliaklqana
Kikubaaqudgha
Makhleb
Nemelex Xobeh
Okawaru
Qazlal
Ru
Sif Muna
Vehumet
Wu Jian
Xom
Yredelemnul
The Shining One
Beogh

Annotations:
D:9 3 runed translucent doors, Emandoog's ghost, novice MiGl


Innate Abilities, Weirdness & Mutations

You have a pair of small antennae on your head.
You are mostly covered in rugged brown scales. (AC +2, +5% HP)
You regenerate health from kills.
When hurt, damage is shared between your health and your magic reserves.
You regenerate magic rapidly.
You punish those that try to bend your will. (Will+)


Message History

The death yak gores you!
* * * LOW HITPOINT WARNING * * *
You are engulfed in calcifying dust.
The death yak gores you but does no damage.
The catoblepas breathes a plume of calcifying dust at you.
The blast of calcifying dust hits you.
* * * LOW HITPOINT WARNING * * *
The death yak gores you.
* * * LOW HITPOINT WARNING * * *
You are engulfed in calcifying dust.
The death yak gores you but does no damage.
The catoblepas breathes a plume of calcifying dust at you.
The blast of calcifying dust hits you but does no damage.
The death yak gores you but does no damage.
The death yak gores you!
* * * LOW HITPOINT WARNING * * *
The catoblepas breathes a plume of calcifying dust at you.
The blast of calcifying dust hits you.
* * * LOW HITPOINT WARNING * * *
The death yak gores you but does no damage.
You are engulfed in calcifying dust.
The death yak gores you!
* * * LOW HITPOINT WARNING * * *
The catoblepas breathes a plume of calcifying dust at you.
The blast of calcifying dust hits you but does no damage.
The death yak gores you but does no damage.
You are engulfed in calcifying dust.
The death yak gores you but does no damage.
The catoblepas gores you but does no damage.
The death yak gores you but does no damage.
You are engulfed in calcifying dust.
The death yak gores you but does no damage.
The catoblepas gores you but does no damage.
The death yak gores you!!
* * * LOW HITPOINT WARNING * * *
You are engulfed in calcifying dust.
The death yak gores you but does no damage.
The catoblepas gores you!
* * * LOW HITPOINT WARNING * * *
The death yak gores you.
You die...

#....##........
##.P.#.........
#...#.........
#..##.........
##..#.........P .##
#...#.........# .#.
##..##.......... ..÷
###..####...#.....
... ###@†.##
########.. ...###
###.YYY.# #..
P.†..#######......##
##.
.P##..P.P.....÷.P##
#. # ##...........##
## ##..♣.#######
######


You could see 2 death yaks and a catoblepas.

Vanquished Creatures
  Gastronok (D:10)
  A boulder beetle (Lair:6)
  8 hydras
  2 two-headed ogres
  5 death yaks
  A lindwurm (Lair:6)
  A cyclops (D:11)
  An oklob plant (D:11)
  A manticore (D:12)
  6 centaur zombies
  11 elephants
  Maurice (D:11)
  6 black mambas
  2 torpor snails
  15 cane toads
  3 rime drakes
  7 komodo dragons
  A troll (D:10)
  2 polar bears (Lair:6)
  Grinder (D:6)
  A hornet (D:10)
  2 dream sheep (Lair:5)
  2 redbacks (Lair:4)
  8 spriggans (Lair:1)
  4 basilisks
  4 wyverns
  A wraith (D:11)
  54 yaks
  A shadow (D:11)
  A steam dragon (D:9)
  Grum (D:10)
  8 vampire mosquitoes
  An acid dragon (D:9)
  11 water moccasins
  5 ice beasts
  2 black bears
  9 orc warriors
  A necrophage (D:6)
  3 sky beasts
  3 ogres
  20 wolves
  2 centaurs
  A phantom (D:4)
  Blork the orc (D:7)
  5 kobold brigands
  12 bullfrogs
  A gnoll sergeant (D:9)
  3 scorpions (D:5)
  A water moccasin zombie (D:6)
  4 wights
  12 killer bees
  3 electric eels (Lair:6)
  A bullfrog zombie (D:7)
  3 centaur skeletons (D:7)
  A hound (D:4)
  14 jellies
  9 orc priests
  Jessica (D:2)
  5 iguanas
  A scorpion zombie (D:3)
  Ijyb (D:3)
  8 orc wizards
  6 hell rats (Lair:4)
  2 killer bee zombies (D:7)
  21 gnolls
  6 adders
  A white imp (D:6)
  An adder skeleton (D:4)
  A dart slug (D:1)
  3 worms
  71 orcs
  11 endoplasms
  5 giant cockroaches
  9 goblins
  12 hobgoblins
  2 jackals (D:5)
  6 quokkas
  7 ball pythons
  3 bats
  3 frilled lizards (D:1)
  20 kobolds
  7 rats
504 creatures vanquished.

Vanquished Creatures (others)
  A wight (D:8)
  13 fungi
  35 plants
49 creatures vanquished.

Grand Total: 553 creatures vanquished

Notes
Turn   | Place    | Note
-------+----------+-------------------------------------------
     0 | D:1      | McKennaii the Demonspawn Fighter began the quest for the
                  | Orb.
     0 | D:1      | Reached XP level 1. HP: 18/18 MP: 1/1
    70 | D:1      | Found a faded altar of an unknown god.
   368 | D:1      | Reached skill level 2 in Polearms
   389 | D:1      | Gained mutation: You regenerate magic rapidly. [demonic
                  | ancestry]
   389 | D:1      | Reached XP level 2. HP: 24/24 MP: 2/2
   855 | D:2      | Reached XP level 3. HP: 29/29 MP: 3/3
   901 | D:2      | Reached skill level 3 in Polearms
  1284 | D:2      | Noticed Jessica
  1288 | D:2      | Killed Jessica
  1289 | D:2      | Gained mutation: You have a pair of small antennae on your
                  | head. [demonic ancestry]
  1289 | D:2      | Reached XP level 4. HP: 35/35 MP: 4/4
  1464 | D:3      | Noticed Ijyb
  1489 | D:3      | Killed Ijyb
  1612 | D:3      | Found a sacrificial altar of Ru.
  1635 | D:3      | Reached skill level 4 in Polearms
  1635 | D:3      | Reached XP level 5. HP: 41/41 MP: 5/5
  2087 | D:4      | Identified the +5 rapier of Day {drain, Int+6}
  2276 | D:4      | Noticed a phantom
  2291 | D:4      | Killed a phantom
  2297 | D:4      | Gained mutation: You are partially covered in rugged brown
                  | scales. (AC +1, +3% HP) [demonic ancestry]
  2297 | D:4      | Reached XP level 6. HP: 39/48 MP: 6/6
  2359 | D:4      | Reached skill level 1 in Dodging
  2424 | D:4      | Reached skill level 5 in Polearms
  2670 | D:5      | Entered Level 5 of the Dungeon
  2673 | D:5      | Found a transporter.
  2713 | D:5      | Found a staircase to the Ecumenical Temple.
  2733 | D:5      | Gained mutation: When hurt, damage is shared between your
                  | health and your magic reserves. [demonic ancestry]
  2733 | D:5      | Reached XP level 7. HP: 29/54 MP: 7/7
  2791 | D:5      | Identified the +4 mace "Judeob" {holy, Drain Fly rElec
                  | rN++}
  2981 | D:5      | Reached skill level 6 in Polearms
  3159 | D:5      | Found a transporter.
  3311 | D:5      | Reached XP level 8. HP: 45/61 MP: 8/8
  3373 | Temple   | Entered the Ecumenical Temple
  3419 | Temple   | Became a worshipper of Makhleb the Destroyer
  3483 | D:5      | Reached skill level 7 in Polearms
  3741 | D:6      | Reached skill level 8 in Polearms
  3927 | D:6      | Reached XP level 9. HP: 69/69 MP: 7/9
  3969 | D:6      | Noticed Grinder
  3982 | D:6      | Killed Grinder
  3987 | D:6      | Reached skill level 5 in Fighting
  3987 | D:6      | Reached skill level 5 in Armour
  4038 | D:6      | Reached * piety under Makhleb
  4305 | D:6      | Reached skill level 9 in Polearms
  4560 | D:7      | Reached skill level 5 in Shields
  4586 | D:7      | Noticed Blork the orc
  4716 | D:7      | Found a stormy altar of Qazlal.
  4729 | D:7      | Found a blossoming altar of Fedhas.
  5018 | D:7      | Found an ornate altar of the Wu Jian Council.
  5071 | D:7      | Killed Blork the orc
  5266 | D:7      | Reached ** piety under Makhleb
  5522 | D:8      | Found a flagged portal.
  5683 | Bailey   | Entered a bailey
  5834 | Bailey   | Gained mutation: You are mostly covered in rugged brown
                  | scales. (AC +2, +5% HP) [demonic ancestry]
  5834 | Bailey   | Reached XP level 10. HP: 63/70 MP: 10/10
  5871 | Bailey   | Reached *** piety under Makhleb
  6042 | D:8      | Reached skill level 10 in Polearms
  6082 | D:8      | Found a shimmering altar of Xom.
  6199 | D:8      | Found a basalt altar of Yredelemnul.
  7082 | D:9      | You fall into a shaft and drop 1 floor!
  7082 | D:10     | Entered Level 10 of the Dungeon
  7297 | D:9      | Found a runed translucent gate.
  7297 | D:9      | Found a runed translucent gate.
  7297 | D:9      | Found a runed translucent gate.
  7298 | D:9      | Noticed a spectral centaur warrior
  7303 | D:9      | Noticed a spectral centaur warrior
  7305 | D:9      | Noticed Emandoog's ghost (novice MiGl)
  7326 | D:9      | Noticed a four-headed hydra
  7441 | D:10     | Noticed Gastronok
  7458 | D:10     | Killed Gastronok
  7553 | D:10     | Reached skill level 11 in Polearms
  7553 | D:10     | Gained mutation: You regenerate a little health from kills.
                  | [demonic ancestry]
  7553 | D:10     | Reached XP level 11. HP: 82/87 MP: 8/11
  7588 | D:10     | Noticed Grum
  7638 | D:10     | Killed Grum
  7638 | D:10     | Reached **** piety under Makhleb
  8435 | D:11     | Noticed Maurice
  8505 | D:11     | Killed Maurice
  8525 | D:11     | Noticed a two-headed ogre
  8551 | D:11     | Killed a two-headed ogre
  8817 | D:11     | Reached ***** piety under Makhleb
  8912 | D:11     | Found a staircase to the Orcish Mines.
  8979 | D:11     | Found a staircase to the Lair.
  8979 | D:11     | Noticed an oklob plant
  9146 | D:11     | Killed an oklob plant
  9211 | D:11     | Reached skill level 12 in Polearms
  9670 | D:12     | Noticed a two-headed ogre
  9681 | D:12     | Killed a two-headed ogre
  9883 | D:12     | Noticed a death knight
  9986 | Lair:1   | Entered Level 1 of the Lair of Beasts
 10111 | Lair:1   | Reached XP level 12. HP: 66/95 MP: 6/12
 10569 | Lair:1   | Noticed a seven-headed hydra
 10578 | Lair:1   | Killed a seven-headed hydra
 10646 | Lair:1   | Reached skill level 13 in Polearms
 10975 | Lair:1   | Identified the +4 ring mail of Pleasant Breezes {Int+2
                  | SInv}
 11114 | Lair:1   | Found an ornate altar of the Wu Jian Council.
 11522 | Lair:2   | Noticed a six-headed hydra
 11553 | Lair:2   | Killed a six-headed hydra
 11707 | Lair:2   | Reached ****** piety under Makhleb
 11850 | Lair:2   | Noticed a five-headed hydra
 11861 | Lair:2   | Killed a five-headed hydra
 11921 | Lair:2   | Gained mutation: You regenerate health from kills. [demonic
                  | ancestry]
 11921 | Lair:2   | Reached XP level 13. HP: 103/103 MP: 13/13
 12656 | Lair:3   | Reached skill level 14 in Polearms
 13326 | Lair:3   | Reached skill level 10 in Shields
 13607 | Lair:3   | Found a runed translucent door.
 14113 | Lair:4   | Reached skill level 10 in Armour
 14329 | Lair:4   | Found a staircase to the Swamp.
 14672 | Lair:4   | Found a hole to the Spider Nest.
 15749 | Lair:6   | Entered Level 6 of the Lair of Beasts
 15968 | Lair:6   | Gained mutation: You punish those that try to bend your
                  | will. (Will+) [demonic ancestry]
 15968 | Lair:6   | Reached XP level 14. HP: 96/114 MP: 11/14
 16287 | Lair:6   | Found a staircase to the Slime Pits.
 16421 | Lair:5   | Reached skill level 10 in Fighting
 16954 | Lair:6   | HP: 3/115 [death yak (8)]
 16955 | Lair:6   | HP: 1/115 [catoblepas (3)]
 16955 | Lair:6   | Slain by a death yak

Illustrated notes

Levels and vault maps discovered:
D:1:      enne_arrival_octagon_isle, layout_basic,
          ebering_ecumenical_altar_ruins, dk_noncrumbling_4
D:2:      layout_loops_ring, st_stairs_9, uniq_jessica
D:3:      layout_basic, old_standard_altar, uniq_ijyb
D:4:      layout_gridville
D:5:      gammafunk_cloud_chamber, layout_loops_cross,
          minmay_temple_entry_offerings, kennysheep_generic_room_14
D:6:      layout_rooms, patterned_corridor, uniq_grinder
D:7:      layout_gridville, grunt_temple_overflow_forces_of_nature,
          pdpol_wu_jian_five_deadly_venoms, sword_in_stone
D:8:      layout_loops_cross, mainiacjoe_overflow_catch_the_wave,
          lightli_bailey_entry_fortress
D:9:      layout_basic, gammafunk_ghost_necromancy, minmay_unpleasant_kobolds
D:10:     layout_roguey [special_room_orc], uniq_gastronok, uniq_grum
D:11:     layout_gridville, dpeg_oklobed_lair, hiddenorc2_lemuel, uniq_maurice
D:12:     layout_loops_corners, portal_ice_cave_demonic_guard, serial_shops,
          nicolae_shop_trees
Temple:   eino_temple_scatter_basement
Lair:1:   kb_forest_paths, layout_regular_city, basic_altar, minivault_11
Lair:2:   layout_regular_city, chequers_serial_rivers_small_3
Lair:3:   layout_small_grid, pf_torpor_hydra
Lair:4:   layout_loops_ring, swamp_mist, spider_nest_entry_webs,
          grunt_megastairs_2
Lair:5:   layout_cave_pods, minivault_26
Lair:6:   grunt_lair_end_beastmaster, layout_regular_city,
          minmay_slime_entry_jelly_boxes, disabler_island

Skill      XL: |  1  2  3  4  5  6  7  8  9 10 11 12 13 14 |
---------------+-------------------------------------------+-----
Polearms       | 2 3 4 5 6 8 9 11 12 13 14 | 14.9
Armour         | 3 4 6 7 8 9 10 | 10.8
Shields        | 3 4 5 6 7 9 10 | 10.6
Dodging        | 1 2 3 |  3.4
Fighting       | 4 5 6 7 8 9 10 | 10.0
Stealth        | |  0.7
Invocations    | |  0.5
Evocations     | |  0.5

Action                   |  1- 3 |  4- 6 |  7- 9 | 10-12 | 13-15 || total
-------------------------+-------+-------+-------+-------+-------++-------
Melee: Trident           |    99 |   108 |   553 |  1598 |  1115 ||  3473
       Spear             |       |    93 |       |       |       ||    93
Invok: Minor Destruction |       |       |       |       |     2 ||     2
Evoke: Wand              |       |       |     2 |     3 |     1 ||     6
  Use: Potion            |       |     3 |     1 |     1 |     2 ||     7
       Scroll            |       |       |       |     1 |    16 ||    17
 Stab: Petrified         |       |       |       |       |     1 ||     1
Armor: Scale mail        |    41 |    66 |   220 |     3 |       ||   330
       Skin              |       |     2 |     1 |       |       ||     3
       Plate armour      |       |       |       |   854 |   705 ||  1559
Dodge: Dodged            |    18 |    53 |   173 |   329 |   261 ||   834
Block: Kite shield       |    32 |    71 |   275 |   886 |   552 ||  1816
